Map: Backwater LE

Players

Kuzmitch

  • Race: Zerg Zerg
  • Spawn Location: 5:00

nickTB - Winner!

  • Race: Protoss Protoss
  • Spawn Location: 11:00

VOD

Have the link to the VOD?

Description

Time

  • Played on: Feb. 28, 2018, 2:11 p.m.
  • Length: 18:54
Show
View Real Time Build Order
Export as new Build Order

Kuzmitch Zerg 

Build Orders: Hatch First 

Get SALT Encoding   

  12  0:01  Drone  
  13  0:13  Overlord  
  13  0:17  Drone  
  14  0:31  Drone x2  
  16  0:57  Hatchery  
  16  0:59  Drone x2  
  17  1:05  Drone  
  18  1:15  Extractor  
  17  1:22  Spawning Pool  
  16  1:26  Drone x2  
  18  1:37  Drone  
  19  1:42  Overlord  
  19  2:10  Zergling x6  
  22  2:17  Queen x2  
  22  2:20  Drone  
  27  2:48  Metabolic Boost  
  27  2:53  Drone x4  
  27  2:54  Drone x2  
  33  3:07  Overlord  
  33  3:12  Drone  
  34  3:21  Evolution Chamber  
  34  3:25  Roach Warren  
  34  3:26  Drone x4  
  36  3:33  Queen x2  
  40  3:44  Overlord x2  
  40  3:45  Overlord  
  40  4:01  Hatchery  
  39  4:33  Drone x4  
  39  4:34  Drone x2  
  45  5:06  Zerg Ground Armor Level 1  
  45  5:13  Overlord x3  
  45  5:14  Overlord  
  45  5:26  Roach x6  
  57  6:12  Drone  
  57  6:13  Drone x4  
  62  6:45  Extractor  
  61  6:49  Extractor  
  61  6:50  Drone x3  
  61  6:53  Extractor  
  62  7:00  Zerg Missile Weapons Level 1  
  62  7:02  Roach x14  
  62  7:07  Queen  
  62  7:08  Queen x2  
  96  7:39  Drone x2  
  98  7:46  Overlord x2  
  98  7:47  Overlord x4  
  98  8:04  Queen x2  
  104  8:32  Lair  
  102  8:45  Extractor  
  102  8:47  Extractor  
  100  9:04  Drone x14  
  114  9:31  Hydralisk Den  
  113  9:38  Spire  
  112  9:47  Infestation Pit  
  112  9:51  Zerg Ground Armor Level 2  
  111  9:53  Glial Reconstitution  
  111  10:00  Evolution Chamber  
  111  10:02  Grooved Spines  
  110  10:16  Overlord x5  
  110  10:17  Overlord x2  
  110  10:18  Overlord  
  110  11:13  Muscular Augments  
  110  11:25  Zerg Missile Weapons Level 2  
  110  11:32  Hive  
  110  11:34  Pneumatized Carapace  
  110  11:54  Hatchery  
  109  12:25  Hydralisk x14  
  109  12:26  Hydralisk x28  
  193  12:30  Extractor  
  193  12:33  Extractor  
  187  13:41  Zerg Melee Weapons Level 1  
  137  13:49  Mutalisk x19  
  102  14:11  Mutalisk x4  
  110  14:25  Overlord x3  
  110  14:26  Overlord x3  
  106  14:38  Overlord x2  
  106  14:39  Overlord x2  
  100  15:09  Mutalisk x9  
  102  15:25  Mutalisk x2  
  102  15:28  Hydralisk x2  
  98  15:30  Zergling x2  
  98  15:31  Zergling x8  
  75  15:55  Roach x2  
  75  15:56  Roach x8  
  53  16:18  Zergling x2  
  53  16:19  Zergling x12  
  53  16:24  Queen x2  
  56  16:32  Zergling x6  
  55  16:33  Zergling x6  
  37  16:50  Zergling x2  
  37  16:51  Zergling x2  
  39  17:00  Queen  
  41  17:03  Overlord  
  16  17:26  Zergling x24  
  28  17:36  Queen  
Show
View Real Time Build Order
Export as new Build Order

nickTB Protoss - Winner!

Build Orders:  

Get SALT Encoding   

  12  0:01  Probe  
  13  0:13  Probe  
  14  0:27  Pylon  
  14  0:29  Probe  
  15  0:45  Probe (Chrono Boost)  
  16  0:50  Assimilator  
  16  0:54  Probe (Chrono Boost)  
  17  0:59  Gateway, Probe (Chrono Boost)  
  18  1:11  Probe  
  18  1:18  Assimilator  
  19  1:23  Probe  
  20  1:26  Pylon  
  20  1:35  Probe  
  21  1:46  Cybernetics Core  
  21  1:49  Gateway  
  21  1:51  Pylon  
  21  1:53  Zealot  
  23  2:01  Probe  
  24  2:13  Probe  
  25  2:20  Warp Gate (Chrono Boost)  
  25  2:27  Stalker  
  27  2:48  Nexus  
  27  3:00  Adept  
  27  3:02  Sentry  
  27  3:03  Probe  
  32  3:08  Gateway  
  32  3:16  Gateway  
  32  3:45  Stalker  
  32  3:46  Adept  
  36  3:54  Pylon  
  36  4:02  Probe (Chrono Boost)  
  38  4:05  Probe (Chrono Boost)  
  38  4:07  Pylon  
  38  4:14  Probe (Chrono Boost)  
  39  4:32  Stalker  
  39  4:38  Probe x2  
  43  4:50  Probe x2  
  43  4:51  Stalker  
  43  4:52  Sentry, Zealot  
  51  5:00  Forge  
  51  5:03  Robotics Facility  
  51  5:17  Probe (Chrono Boost)  
  53  5:23  Probe (Chrono Boost)  
  53  5:29  Protoss Ground Weapons Level 1 (Chrono Boost)  
  53  5:30  Probe (Chrono Boost)  
  53  5:31  Probe (Chrono Boost)  
  55  5:42  Forge  
  55  5:43  Pylon  
  55  5:49  Probe x2  
  57  6:01  Probe x2  
  59  6:04  Pylon  
  59  6:05  Assimilator  
  59  6:07  Observer (Chrono Boost)  
  59  6:10  Assimilator  
  60  6:12  Protoss Ground Armor Level 1 (Chrono Boost)  
  60  6:18  Sentry, Zealot x2  
  64  6:19  Stalker  
  64  6:23  Immortal (Chrono Boost)  
  72  6:28  Probe (Chrono Boost)  
  74  6:34  Probe (Chrono Boost)  
  74  6:38  Probe (Chrono Boost)  
  75  6:42  Probe (Chrono Boost)  
  75  6:43  Zealot x3  
  75  6:45  Stalker  
  84  7:03  Gateway  
  84  7:04  Gateway  
  84  7:08  Probe x2  
  86  7:29  Nexus  
  86  7:31  Twilight Council  
  86  7:33  Pylon  
  86  7:36  Pylon  
  86  7:50  Pylon  
  86  7:51  Probe x2  
  88  7:52  Pylon  
  88  7:55  Assimilator  
  88  7:59  Assimilator  
  88  8:03  Probe x2, Immortal  
  88  8:04  Protoss Ground Weapons Level 2 (Chrono Boost)  
  88  8:05  Protoss Ground Armor Level 2 (Chrono Boost)  
  94  8:08  Charge (Chrono Boost)  
  94  8:15  Probe x2  
  94  8:19  Sentry, Zealot x2  
  102  8:20  Stalker x3  
  108  8:29  Robotics Facility  
  108  8:39  Probe  
  108  8:40  Probe  
  110  8:43  Observer  
  111  8:59  Probe x2  
  113  9:12  Immortal  
  117  9:19  Gateway  
  117  9:20  Gateway  
  117  9:27  Probe x2  
  117  9:28  Gateway  
  117  9:29  Pylon  
  119  9:42  Immortal  
  123  9:50  Pylon  
  123  9:55  Nexus  
  123  10:01  Zealot x2  
  123  10:02  Zealot x4  
  135  10:14  Protoss Ground Armor Level 3 (Chrono Boost), Protoss Ground Weapons Level 3 (Chrono Boost)  
  135  10:16  Immortal  
  139  10:22  Stargate  
  139  10:48  Immortal  
  142  11:05  Phoenix (Chrono Boost)  
  144  11:12  Immortal  
  144  11:16  Stalker x2  
  144  11:17  Stalker x6  
  164  11:29  Pylon  
  164  11:31  Pylon  
  164  11:35  Pylon  
  164  11:37  Pylon  
  164  11:41  Pylon  
  164  11:43  Pylon  
  164  11:44  Assimilator  
  164  11:47  Probe, Warp Prism, Phoenix  
  169  12:16  Immortal  
  173  12:42  Probe x3  
  176  12:45  Zealot  
  176  12:46  Zealot x6  
  176  12:47  Zealot x2  
  132  14:04  Zealot x5  
  132  14:05  Zealot x4  
  132  14:34  Photon Cannon x2  
  132  14:35  Photon Cannon  
  132  14:37  Photon Cannon  
  124  14:42  Photon Cannon  
  124  14:44  Stalker x3  
  124  14:45  Photon Cannon, Stalker x4  
  134  14:46  Stalker x2  
  134  14:47  Photon Cannon  
  134  14:49  Photon Cannon  
  106  15:16  Stalker x8  
  110  15:33  Stalker  
  110  15:44  Stalker x4  
  110  15:45  Stalker x4  
  124  15:59  Warp Prism  
  124  16:00  Immortal  
  122  16:14  Gateway  
  122  16:15  Gateway  
  122  16:16  Nexus  
  122  16:17  Gateway  
  118  16:22  Gateway x2  
  118  16:24  Zealot x6  
  118  16:25  Zealot x3  
  134  16:30  Gateway x2  
  122  16:39  Pylon  
  118  16:42  Pylon  
  118  16:44  Assimilator  
  118  16:48  Assimilator  
  118  17:01  Zealot x4  
  118  17:02  Zealot x5  
  136  17:17  Immortal  
  136  17:18  Immortal  
  144  17:36  Zealot x8  
  144  17:37  Zealot x6  
  162  17:38  Zealot x2  
  176  18:29  Zealot x5  
  176  18:30  Zealot x2  
  176  18:31  Stalker x5  
Tags
 
Matchup
PvZ
Spawn Locations
Cross Positions
Add a new tag
Caveats
  • Supply blocks, unpowered buildings, or Contaminate may cause inaccurate times.
  • Supply counts are checked every 10 seconds.